 Seeded DCSS version 0.29.1-15-g9cfb28693d (webtiles) character file.

Game seed: 6076705715975610250 (custom seed)

5656 Sanktem7 the Cleaver (level 10, -14/90 HPs)
             Began as a Minotaur Fighter on Mar 13, 2023.
             Was an Elder of Okawaru.
             Demolished by a skeletal warrior
             ... wielding a +0 flail
              (25 damage)
             ... on level 7 of the Dungeon.
             The game lasted 00:12:47 (7586 turns).

Sanktem7 the Cleaver (Minotaur Fighter)             Turns: 7586, Time: 00:12:47

Health: -14/90     AC: 15    Str: 23    XL:     10   Next: 46%
Magic:  21/21      EV: 12    Int:  5    God:    Okawaru [****..]
Gold:   359        SH:  6    Dex: 16    Spells: 9/9 levels left

rFire   . . .      SeeInvis .   s - +8 mithril axe "Arga" {speed, Will+}
rCold   . . .      Faith    .   c - +0 buckler
rNeg    + . .      Spirit   .   w - +4 chain mail of the Blue Moon {rElec}
rPois   +          Reflect  .   (helmet restricted)
rElec   +          Harm     .   (no cloak)
rCorr   .          Rampage  .   (no gloves)
Will    +....                   (no boots)
Stlth   ..........              r - amulet of the acrobat
HPRegen 0.25/turn               h - ring "Zodoch" {rPois rN+ MP+9 Str-2 Dex+6}
MPRegen 0.17/turn               v - +4 ring of evasion

@: no status effects
A: horns 2, retaliatory headbutt
a: Renounce Religion, Heroism, Finesse


You were on level 7 of the Dungeon.
You worshipped Okawaru.
Okawaru was greatly pleased with you.
You visited 2 branches of the dungeon, and saw 10 of its levels.

You collected 359 gold pieces.


Innate Abilities, Weirdness & Mutations

You have a pair of horns on your head.
You reflexively headbutt those who attack you in melee.


   Skills:
 + Level 8.7 Fighting
 * Level 11.6 Axes
 + Level 8.8 Armour
 + Level 8.7 Shields
 + Level 4.8 Invocations


You had 9 spell levels left.
You didn't know any spells.
Your spell library contained the following spells:

 Spells                   Type           Power      Damage    Failure   Level
 Ensorcelled Hibernation  Hex/Ice        0%         N/A       99%         2
 Sublimation of Blood     Necr           0%         N/A       99%         2
 Frozen Ramparts          Ice            0%         1d1       100%        3
 Spider Form              Tmut/Pois      0%         N/A       100%        3
 Anguish                  Hex/Necr       0%         N/A       100%        4
 Ice Form                 Ice/Tmut       0%         N/A       100%        4
 Petrify                  Tmut/Erth      0%         N/A       100%        4
 Irradiate                Conj/Tmut      0%         3d11      100%        5
 Summon Ice Beast         Ice/Summ       Unusable   N/A       N/A         4

Inventory:

Hand Weapons
 s - the +8 mithril axe "Arga" (weapon) {speed, Will+}
   (You found it on level 3 of the Dungeon)

   Attacks with this weapon are significantly faster.
   Will:      It increases your willpower.
 x - a +2 broad axe of flaming {axe}
   (You acquired it on level 5 of the Dungeon)
Missiles
 a - 3 silver boomerangs {throwing}
 f - 66 stones (quivered) {throwing}
 q - 5 datura-tipped darts {throwing}
 u - 5 poisoned darts {throwing}
 B - 8 boomerangs {throwing}
Armour
 c - a +0 buckler (worn)
 w - the +4 chain mail of the Blue Moon (worn) {rElec}
   (You took it off a gnoll on level 4 of the Dungeon)

   rElec:     It insulates you from electricity.
Magical Staves
 D - a staff of fire {!astaff}
   (You found it on level 7 of the Dungeon)
Jewellery
 g - a ring of resist corrosion
   (You found it on level 1 of the Dungeon)
 h - the ring "Zodoch" (left hand) {rPois rN+ MP+9 Str-2 Dex+6}
   (You acquired it on level 1 of the Dungeon)

   [ring of positive energy]

   Str:       It affects your strength (-2).
   Dex:       It affects your dexterity (+6).
   rPois:     It protects you from poison.
   rN:        It protects you from negative energy.
   MP:        It affects your magic capacity (+9).
 r - an amulet of the acrobat (around neck)
   (You found it on level 3 of the Dungeon)
 v - a +4 ring of evasion (right hand)
   (You found it on level 4 of the Dungeon)
 I - a +6 ring of intelligence
   (You found it on level 6 of the Dungeon)
Wands
 t - a wand of flame (19)
   (You found it on level 4 of the Dungeon)
Scrolls
 j - 2 scrolls of noise {!r}
 k - 2 scrolls of butterflies
 m - 2 scrolls of poison
 n - a scroll of fear {unknown}
 o - a scroll of blinking {unknown}
 p - 3 scrolls of enchant armour {unknown}
 y - a scroll of vulnerability {unknown}
 z - a scroll of brand weapon {unknown}
 A - 3 scrolls of amnesia {unknown}
 C - a scroll of silence {!r}
 G - a scroll of immolation {unknown}
 H - a scroll of identify {@r1}
 K - a scroll of teleportation {unknown}
Potions
 b - 2 potions of lignification {unknown}
 d - 2 potions of might
 e - a potion of magic
 i - 6 potions of curing {@q1}
 l - a potion of heal wounds {@q2}
 E - 2 potions of haste {unknown}
 F - 2 potions of attraction {unknown}
 J - a potion of brilliance {unknown}
 L - a potion of invisibility {unknown}

Dungeon Overview and Level Annotations

Branches:
Dungeon (9/15) Zot: 25730  Temple (1/1) D:5 Zot: 5976
   Lair: D:8-11         Orc: D:9-12

Altars:
Ashenzari
Cheibriados
Dithmenos
Elyvilon
Fedhas
Gozag
Hepliaklqana
Kikubaaqudgha
Nemelex Xobeh
Okawaru
Qazlal
Ru
Sif Muna
Trog
Uskayaw
The Shining One

Shops:
D:5

*
.#..........#............##
##...#....#............#
#...#...##..............
##.....###..............
##.....####............
#......## #.##.........
#.......## #........#
###.....@# #....z)#
#.....#... #.....##....
#..#### .... ### #... ..##
###


You could see a skeletal warrior.


Message History

The orc shouts!
You slice the orc!!
You kill the orc!
Okawaru accepts your kill.
You hit the orc. You closely miss the orc. You headbutt the orc.
You kill the orc!
Okawaru accepts your kill. The orc barely misses you.
The orc hits you with a +0 trident.
You see here a +0 club {mace}. 😕 HP[-6]
You take 6 damage, and now have 84/90 hp.
You barely miss the orc. You headbutt the orc. The orc misses you.
You slice the orc!!
You kill the orc!
You slash the orc!
You kill the orc!
Okawaru accepts your kill.
No target in view!
No target in view!
No target in view!
No target in view!
No target in view!
L - a silvery potion 😎 HP[+6]
Your hp is fully restored (90).
You see here a +0 giant spiked club {mace}.
You now have 359 gold pieces (gained 14).
The skeletal warrior completely misses you.
The skeletal warrior closely misses you.
You furiously retaliate!
You headbutt the skeletal warrior, but do no damage.
You hit the skeletal warrior.
The skeletal warrior hits you but does no damage.
You barely miss the skeletal warrior.
You block the skeletal warrior's attack.
You slash the skeletal warrior!
You block the skeletal warrior's attack.
You closely miss the skeletal warrior. You hit the skeletal warrior.
Your headbutt misses the skeletal warrior.
The skeletal warrior hits you but does no damage.
You completely miss the skeletal warrior.
Your headbutt misses the skeletal warrior.
The skeletal warrior hits you with a +0 glaive! 😕 HP[-9]
You take 9 damage, and now have 81/90 hp.
You hit the skeletal warrior but do no damage.
You hit the skeletal warrior but do no damage.
Your headbutt misses the skeletal warrior.
The skeletal warrior hits you with a +0 glaive! 😮 HP[-17]
You take 17 damage, and now have 64/90 hp.
You completely miss the skeletal warrior.
Your headbutt misses the skeletal warrior.
You block the skeletal warrior's attack. 😮 HP[+1]
You slice the skeletal warrior!!
You completely miss the skeletal warrior.
The skeletal warrior barely misses you. You furiously retaliate!
You headbutt the skeletal warrior, but do no damage.
The skeletal warrior hits you with a +0 glaive!! 😮 HP[-18]
You take 18 damage, and now have 47/90 hp.
You slice the skeletal warrior!!
You destroy the skeletal warrior!
Okawaru accepts your kill.
You barely miss the skeletal warrior. You slash the skeletal warrior!
The skeletal warrior hits you with a +0 flail!
* * * LOW HITPOINT WARNING * * *
😨 HP[-9]
You take 9 damage, and now have 38/90 hp.
You barely miss the skeletal warrior.
The skeletal warrior closely misses you.
You furiously retaliate!
You headbutt the skeletal warrior, but do no damage.
You hit the skeletal warrior.
You headbutt the skeletal warrior, but do no damage.
You barely miss the skeletal warrior.
Your headbutt misses the skeletal warrior.
The skeletal warrior closely misses you.
You furiously retaliate!
You headbutt the skeletal warrior! 😨 HP[+1]
You barely miss the skeletal warrior.
The skeletal warrior hits you with a +0 flail!
* * * LOW HITPOINT WARNING * * *
😨 HP[-14]
You take 14 damage, and now have 25/90 hp.
You slash the skeletal warrior!
The skeletal warrior hits you with a +0 flail!
* * * LOW HITPOINT WARNING * * *
😱 HP[-14]
You take 14 damage, and now have 11/90 hp.
You barely miss the skeletal warrior.
Your headbutt misses the skeletal warrior.
You barely miss the skeletal warrior.
The skeletal warrior hits you with a +0 flail!!
You die...

Skill      XL: |  1  2  3  4  5  6  7  8  9 10 |
---------------+-------------------------------+-----
Axes           | 3 4 5 6 7 9 10 11 | 11.6
Fighting       | 4 5 6 7 8 |  8.7
Armour         | 4 5 6 7 8 |  8.8
Shields        | 4 5 6 7 8 |  8.7
Invocations    | 2 4 |  4.8

Action                   |  1- 3 |  4- 6 |  7- 9 | 10-12 || total
-------------------------+-------+-------+-------+-------++-------
Melee: War axe           |    72 |    37 |       |       ||   109
       Headbutt          |     8 |    14 |    28 |    13 ||    63
       Broad axe         |       |    61 |   163 |    65 ||   289
  Use: Scroll            |     1 |       |    11 |       ||    12
Armor: Scale mail        |    31 |    34 |     6 |       ||    71
       Chain mail        |       |       |    28 |    13 ||    41
Dodge: Dodged            |    41 |    39 |    69 |    32 ||   181
Block: Buckler           |    25 |    21 |    36 |    11 ||    93

Levels and vault maps discovered:
D:1:      giann_horns, layout_basic, ebering_ecumenical_altar_hall,
          serial_glass, glass_columns_b, glass_columns_c, glass_columns_a,
          kennysheep_doodads
D:2:      layout_loops_corners, serial_bayou_lagoon_a, eino_curves_02
D:3:      layout_loops_cross, mainiacjoe_overflow_catwalk,
          mainiacjoe_overflow_catwalk_spiral, minmay_stone_trees_medium
D:4:      layout_loops_ring, kiku_gazebo_pond_becter, ebering_ghost_rock_garden,
          grunt_decor_junction, kennysheep_big_empty_room, chequers_garden,
          pf_guarded_unrand_woodcutter
D:5:      nicolae_cairo_tiling_very_big, layout_loops_ring,
          gammafunk_temple_overflow_elements, minmay_temple_entry_trees,
          nicolae_shop_gadgets
D:6:      layout_loops_ring, nicolae_uskayaw_en_pointe, uniq_duvessa
D:7:      layout_cave_pools, general_overflow_altar, uniq_joseph
D:8:      layout_loops_corners
D:9:      layout_basic, orc_david_3, nicolae_fountain_basement, uniq_harold,
          uniq_prince_ribbit1
Temple:   nicolae_temple_ecumenical_triangle

Notes
Turn   | Place    | Note
-------+----------+-------------------------------------------
     0 | D:1      | Sanktem7 the Minotaur Fighter began the quest for the Orb.
     0 | D:1      | Reached XP level 1. HP: 19/19 MP: 0/0
     0 | D:1      | magus.rc [v1.9.6]
   426 | D:1      | Reached XP level 2. HP: 26/27 MP: 1/1
   699 | D:1      | Found a faded altar of an unknown god.
   714 | D:1      | Reached skill level 3 in Axes
  1135 | D:1      | Identified a scroll of acquirement
  1135 | D:1      | Acquired the ring "Zodoch" {rPois rN+ MP+9 Str-2 Dex+6}
  1517 | D:2      | Reached skill level 4 in Fighting
  1517 | D:2      | Reached skill level 4 in Armour
  1517 | D:2      | Reached skill level 4 in Shields
  1517 | D:2      | Reached XP level 3. HP: 33/33 MP: 2/2
  2019 | D:2      | Reached XP level 4. HP: 40/40 MP: 3/3
  2142 | D:3      | Found a hazy altar of Hepliaklqana.
  2178 | D:3      | Reached skill level 4 in Axes
  2321 | D:3      | Found a bloodstained altar of Trog.
  2356 | D:3      | Found a stormy altar of Qazlal.
  2452 | D:3      | Found the +8 mithril axe "Arga" {speed, Will+}
  2723 | D:3      | You pick up a book of Alchemy and begin reading...
  2723 | D:3      | You add the spells Sublimation of Blood, Petrify and
                  | Irradiate to your library.
  2931 | D:4      | Reached XP level 5. HP: 43/47 MP: 4/4
  3010 | D:4      | You pick up a book of Rime and begin reading...
  3010 | D:4      | You add the spells Frozen Ramparts, Ice Form and Summon Ice
                  | Beast to your library.
  3013 | D:4      | Found a runed translucent gate.
  3013 | D:4      | Found a runed translucent gate.
  3013 | D:4      | Found a runed translucent gate.
  3013 | D:4      | Noticed Gelion's ghost (amateur DsCj)
  3298 | D:4      | Reached skill level 5 in Axes
  3409 | D:4      | You pick up a book of Dreams and begin reading...
  3409 | D:4      | You add the spells Ensorcelled Hibernation, Spider Form and
                  | Anguish to your library.
  3502 | D:4      | Identified the +4 chain mail of the Blue Moon {rElec}
  3513 | D:4      | Reached XP level 6. HP: 36/55 MP: 5/5
  3524 | D:4      | Reached skill level 5 in Armour
  3693 | D:4      | Found the +3 woodcutter's axe {vorpal}
  3700 | D:4      | Reached skill level 5 in Fighting
  3700 | D:4      | Reached skill level 5 in Shields
  3952 | D:4      | Reached skill level 6 in Axes
  3952 | D:4      | Reached XP level 7. HP: 61/61 MP: 6/6
  3985 | D:4      | Found an ancient bone altar of Kikubaaqudgha.
  4164 | D:4      | Killed Gelion's ghost
  4188 | D:5      | Entered Level 5 of the Dungeon
  4212 | D:5      | Found a staircase to the Ecumenical Temple.
  4220 | Temple   | Entered the Ecumenical Temple
  4234 | Temple   | Became a worshipper of Warmaster Okawaru
  4454 | D:5      | Reached skill level 7 in Axes
  4454 | D:5      | Reached skill level 6 in Armour
  4465 | D:5      | Found Dohief's Gadget Gallery.
  4537 | D:5      | Reached skill level 6 in Fighting
  4537 | D:5      | Reached skill level 6 in Shields
  4681 | D:5      | Reached XP level 8. HP: 42/70 MP: 7/7
  4685 | D:5      | Reached * piety under Okawaru
  4941 | D:5      | Reached skill level 8 in Axes
  5071 | D:5      | Found a blossoming altar of Fedhas.
  5071 | D:5      | Found a glowing golden altar of the Shining One.
  5293 | D:5      | Acquired a +0 broad axe of flaming
  5372 | D:6      | Noticed a +0 short sword
  5373 | D:6      | Noticed a +0 falchion
  5373 | D:6      | Noticed a +0 falchion
  5374 | D:6      | Noticed a +0 dagger
  5378 | D:6      | Noticed a +0 short sword
  5380 | D:6      | Reached skill level 1 in Invocations
  5393 | D:6      | Found a hide-covered altar of Uskayaw.
  5393 | D:6      | Noticed a +0 dagger
  5448 | D:6      | Noticed a +0 spear
  5449 | D:6      | Noticed a +0 spear
  5509 | D:6      | You fall into a shaft and drop 3 floors!
  5545 | D:9      | Noticed a kobold demonologist
  5550 | D:9      | Killed a kobold demonologist
  5550 | D:9      | Reached ** piety under Okawaru
  5551 | D:9      | Reached skill level 7 in Armour
  5607 | D:9      | Reached skill level 7 in Fighting
  5607 | D:9      | Reached skill level 7 in Shields
  5625 | D:8      | Reached skill level 9 in Axes
  5625 | D:8      | Reached skill level 2 in Invocations
  5866 | D:8      | Reached XP level 9. HP: 79/79 MP: 9/9
  5898 | D:8      | Reached skill level 3 in Invocations
  6165 | D:8      | Reached skill level 10 in Axes
  6167 | D:8      | Reached *** piety under Okawaru
  6477 | D:7      | Reached skill level 8 in Armour
  6478 | D:7      | Noticed a skeletal warrior
  6479 | D:7      | Noticed a skeletal warrior
  6481 | D:7      | Reached skill level 8 in Fighting
  6482 | D:7      | Noticed a skeletal warrior
  6507 | D:6      | HP: 18/81 [skeletal warrior/+0 scimitar (20)]
  6509 | D:6      | Killed a skeletal warrior
  6509 | D:6      | Reached **** piety under Okawaru
  6510 | D:6      | Reached skill level 8 in Shields
  6510 | D:6      | Reached skill level 4 in Invocations
  6510 | D:6      | Reached XP level 10. HP: 20/88 MP: 12/12
  6871 | D:6      | Noticed Duvessa
  6871 | D:6      | Noticed Dowan
  6877 | D:6      | Killed Dowan
  6879 | D:6      | Killed Duvessa
  6880 | D:6      | Reached skill level 11 in Axes
  7578 | D:7      | Killed a skeletal warrior
  7584 | D:7      | HP: 11/90 [skeletal warrior/+0 flail (14)]
  7586 | D:7      | Demolished by a skeletal warrior

Vanquished Creatures
  2 skeletal warriors
  A kobold demonologist (D:9)
  5 yaks (D:8)
  The ghost of Gelion the Conjurer, an amateur DsCj (D:4)
  A water moccasin (D:7)
  Duvessa (D:6)
  2 sky beasts (D:6)
  An ice beast (D:6)
  4 ogres
  2 black bears
  3 centaurs
  2 phantoms
  A necrophage (D:6)
  A bullfrog (D:7)
  2 gnoll sergeants
  A scorpion (D:6)
  13 wights
  Dowan (D:6)
  4 howler monkeys (D:8)
  A gnoll bouda (D:4)
  4 hounds
  3 orc priests
  2 jellies
  4 iguanas
  8 orc wizards
  14 gnolls
  6 adders
  A shadow imp (D:6)
  2 white imps (D:5)
  3 ufetubi
  A worm (D:5)
  A dart slug (D:2)
  31 orcs
  5 endoplasms
  3 giant cockroaches (D:1)
  7 goblins
  3 hobgoblins
  4 kobolds
  3 quokkas
  6 ball pythons
  10 bats
  4 frilled lizards
  4 rats
178 creatures vanquished.

Vanquished Creatures (others)
  9 plants (D:2)
9 creatures vanquished.

Grand Total: 187 creatures vanquished

Table legend:
 A = Non-vault XP
 B = Vault XP
 C = Vault XP percentage of total XP
 D = Non-vault monster count
 E = Vault monster count
 F = Vault count percentage of total count
                 A         B        C        D         E       F
            +---------+---------+-------+---------+---------+-------
      Total |    7410 |     670 |   8.3 |     162 |      16 |   9.0
            +---------+---------+-------+---------+---------+-------
        D:1 |      24 |       0 |   0.0 |      14 |       0 |   0.0
        D:2 |      74 |       0 |   0.0 |      22 |       0 |   0.0
        D:3 |      77 |       0 |   0.0 |      18 |       0 |   0.0
        D:4 |     391 |     461 |  54.1 |      19 |      14 |  42.4
        D:5 |     840 |       0 |   0.0 |      23 |       0 |   0.0
        D:6 |    2510 |     209 |   7.7 |      29 |       2 |   6.5
        D:7 |    1475 |       0 |   0.0 |      12 |       0 |   0.0
        D:8 |    1577 |       0 |   0.0 |      23 |       0 |   0.0
        D:9 |     442 |       0 |   0.0 |       2 |       0 |   0.0
            +---------+---------+-------+---------+---------+-------

Illustrated notes

Table legend:
 A = Kills in this place as a percentage of kills in entire the game.
 B = Kills by you in this place as a percentage of kills by you in the entire game.
 C = Kills by friends in this place as a percentage of kills by friends in the entire game.
 D = Other kills in this place as a percentage of other kills in the entire game.
 E = Experience gained in this place as a percentage of experience gained in the entire game.
 F = Experience gained in this place divided by the number of levels of this place that you have seen.
                   A       B       C       D       E      F
               +-------+-------+-------+-------+-------+----------------------
         Total | 100.0 | 100.0 |   N/A |   N/A | 100.0 | 808.0
       Dungeon | 100.0 | 100.0 |   N/A |   N/A | 100.0 | 897.8
               +-------+-------+-------+-------+-------+----------------------

Table legend: (Time is in decaauts)
 A = Elapsed time spent in this place.
 B = Non-inter-level travel time spent in this place.
 C = Inter-level travel time spent in this place.
 D = Time resting spent in this place.
 E = Time spent auto-exploring this place.
 F = Levels seen in this place.
 G = Mean time per level.
                   A        B        C        D        E       F      G
               +--------+--------+--------+--------+--------+-----+--------+
         Total |   7573 |   7441 |    132 |    231 |   6083 |  10 |  757.3 |
       Dungeon |   7549 |   7417 |    132 |    231 |   6078 |   9 |  838.8 |
        Temple |     23 |     23 |      0 |      0 |      5 |   1 |   23.0 |
               +--------+--------+--------+--------+--------+-----+--------+

Top non-repeatable levels by time:
     D:4: 1285 daAuts
     D:1: 1177 daAuts
     D:6: 1134 daAuts
     D:5: 1127 daAuts
     D:2: 992 daAuts
     D:3: 767 daAuts
     D:8: 658 daAuts
     D:7: 295 daAuts
     D:9: 111 daAuts
  Temple: 23 daAuts
